 Dungeon Crawl Stone Soup version 0.24.1-14-gf8d2b509d9 (webtiles) character file.

Game seed: 12199723949911663958, levelgen mode: deterministic

5 Mrkan the Chopper (level 1, -2/20 HPs)
             Began as a Minotaur Berserker on May 17, 2020.
             Was a Follower of Trog.
             Slain by a centaur zombie (3 damage)
             ... on level 3 of the Dungeon.
             The game lasted 00:00:39 (124 turns).

Mrkan the Chopper (Minotaur Berserker)               Turns: 124, Time: 00:00:39

Health: -2/20      AC:  2    Str: 21    XL:     1   Next: 66%
Magic:  0/0        EV: 12    Int:  4    God:    Trog [*.....]
Gold:   0          SH:  0    Dex:  9    Spells: 0/0 levels left

rFire    . . .     SeeInvis .   a - +0 hand axe
rCold    . . .     Gourm    .   (no shield)
rNeg     . . .     Faith    .   b - +0 animal skin
rPois    .         Spirit   .   (helmet restricted)
rElec    .         Reflect  .   (no cloak)
rCorr    .         Harm     .   (no gloves)
MR       .....                  (no boots)
Stlth    +.........             (no amulet)
HPRegen  0.06/turn              (no ring)
MPRegen  0.07/turn              (no ring)

@: no status effects
A: retaliatory headbutt, horns 2
a: Berserk, Renounce Religion


You were on level 3 of the Dungeon.
You worshipped Trog.
Trog was aware of your devotion.
You were not hungry.

You visited 1 branch of the dungeon, and saw 3 of its levels.

Inventory:

Hand Weapons
 a - a +0 hand axe (weapon)
Armour
 b - a +0 animal skin (worn)
Potions
 d - a potion of curing {unknown}
Comestibles
 c - a ration


   Skills:
 + Level 3.8 Fighting
 + Level 3.9 Axes
 + Level 2.4 Armour
 + Level 2.2 Dodging


You couldn't memorise any spells.
You didn't know any spells.
Your spell library was empty.

Dungeon Overview and Level Annotations

Branches:
Dungeon (3/15)

Altars:

Annotations:
D:3 1 transporter, Skippwaahh's ghost, weakling TeAE


Innate Abilities, Weirdness & Mutations

You reflexively headbutt those who attack you in melee.
You have a pair of horns on your head.


Message History

Skippwaahh's ghost is heavily damaged.
You hit the centaur zombie. You barely miss the hungry ghost.
The centaur zombie misses you. Skippwaahh's ghost hits you.
* * * LOW HITPOINT WARNING * * *
The centaur zombie hits you but does no damage.
The hungry ghost closely misses you. You furiously retaliate!
You headbutt the hungry ghost! You closely miss Skippwaahh's ghost.
Skippwaahh's ghost is heavily damaged.
You hit the centaur zombie. You hit the hungry ghost.
Skippwaahh's ghost hits you.
* * * LOW HITPOINT WARNING * * *
The centaur zombie completely misses you.
The hungry ghost hits you.
You feel a lot more hungry.
You closely miss Skippwaahh's ghost.
Your headbutt misses Skippwaahh's ghost.
Skippwaahh's ghost is heavily damaged.
You hit the centaur zombie. You miss the hungry ghost.
The centaur zombie hits you.
You die...

##.##.#.##.#...# ....#
.. #.#.##$#...#....##
##.##.#.##.#...#......
..............(..#....
.. #.#.....†.©.......
....#...#############.
........#©...(?!....#.
......#.#...........#.
.....##.#..##.@.##..#.
.....##.#..#8WWZ8#..#.
.... +..#..##ZZ.##..#.
.... ##.#.....©.....#.
... #.#.Z##...##..#.
#######.#..#8...8#..#.
........#..##...##..#.
.#####..#...........#.
#..#.Z.........#.


You could see a hungry ghost, Skippwaahh's ghost, a centaur zombie, an adder
skeleton and a bullfrog skeleton.

Vanquished Creatures
  A bat (D:1)
  A hobgoblin (D:3)
  A ball python (D:1)
  A frilled lizard (D:1)
  A goblin (D:1)
  A rat (D:1)
6 creatures vanquished.

Notes
Turn   | Place    | Note
-------+----------+-------------------------------------------
     0 | D:1      | Mrkan the Minotaur Berserker began the quest for the Orb.
     0 | D:1      | Reached XP level 1. HP: 19/19 MP: 0/0
    66 | D:3      | Found a transporter.
    74 | D:3      | Noticed a hungry ghost
    99 | D:3      | Found a transporter.
   100 | D:3      | Noticed Skippwaahh's ghost (weakling TeAE)
   123 | D:3      | HP: 1/20 [Skippwaahh's ghost (5)]
   124 | D:3      | Slain by a centaur zombie

Levels and vault maps discovered:
D:1:      tarquinn_simple_flora_water_b, layout_loops_cross, st_stairs_11,
          minmay_stone_trees_medium
D:2:      layout_loops_ring, marbit_many_paths, first_ration
D:3:      layout_basic, nicolae_overflow_crystal_walls, serial_rivers,
          chequers_serial_rivers_large_b, chequers_serial_rivers_micro_b,
          chequers_serial_rivers_micro_e, chequers_serial_rivers_micro_e,
          chequers_serial_rivers_micro_e, gammafunk_ghost_mausoleum,
          minmay_crystal_room, serial_park_tiny_2

Action                   || total
-------------------------++-------
Melee: Hand axe          ||    14
       Headbutt          ||     3
Armor: Animal skin       ||     3
Dodge: Dodged            ||    13
